 Dungeon Sprint DCSS version 0.31-a0-963-ga325b2283a (webtiles) character file.

Game seed: 13964710836347887643

20683 rocky1 the Wrestler (level 12, -15/72 HPs)
             Began as a Tengu Shapeshifter on Oct 26, 2023.
             Was an Initiate of Gozag.
             Demolished by an orc warlord
             ... wielding a +0 war axe of flaming
              (27 damage)
             ... in the Dungeon (Sprint VII: "The Pits").
             The game lasted 00:12:32 (3606 turns).

rocky1 the Wrestler (Tengu Shapeshifter)            Turns: 3606, Time: 00:12:33

Health: -15/72     AC: 20    Str: 25    XL:     12   Next: 82%
Magic:  0/25       EV: 17    Int: 10    God:    Gozag
Gold:   2227       SH:  0    Dex: 15    Spells: 27/27 levels left

rFire   + +          .
                       - Unarmed
rCold   + . .        (no shield)
rNeg    . . .        u - +3 chain mail {Will+}
rPois   +            (helmet currently unavailable)
rElec   +            (cloak currently unavailable)
rCorr   +            (gloves currently unavailable)
SInv    .            (boots unavailable)
Will    ++...        a - amulet of guardian spirit Stlth
                     t - +4 ring of protection
HPRegen 0.32/turn    x - ring "Tuized" {rF+ Str+6}
MPRegen 0.19/turn

%: no teleportation, acrobat, guardian spirit
@: mighty, beast-form, resistant, gold aura, enlightened, flying, hasted,
invisible, very quick
A: beast (slay +4), flying, beak, talons 3, evasive flight, acrobatic
a: Begin Untransformation, Renounce Religion, Potion Petition, Call Merchant,
Bribe Branch


You were in the Dungeon.
You worshipped Gozag.
Gozag was most pleased with you.
You were a hulking beast.
You visited 1 branch You collected 7515 gold pieces.
You spent 2507 gold pieces at shops.
You paid 2781 gold pieces to Gozag.

Inventory:

Armour
 j - a +2 hat
 r - the +1 chain mail "Wyxam" {*Slow Str+2 Int+5}
   (You bought it in a shop in the Dungeon)

   Str+2:     It affects your strength (+2).
   Int+5:     It affects your intelligence (+5).
   *Slow:     It may slow you when you take damage.
 u - a +3 chain mail of willpower (worn)
Jewellery
 a - an amulet of guardian spirit (around neck)
 t - a +4 ring of protection (left hand)
 x - the ring "Tuized" (right hand) {rF+ Str+6}
   (You bought it in a shop in the Dungeon)

   [ring of strength]

   Str+6:     It affects your strength (+6).
   rF+:       It protects you from fire.
 D - a +5 ring of evasion
 F - a ring of positive energy
 G - a ring of protection from cold
 H - the amulet "Anufon" {Acrobat -Cast Str+4}
   (You found it in the Dungeon)

   [amulet of the acrobat]

   Acrobat:   It increases your evasion while moving and waiting.
   Str+4:     It affects your strength (+4).
   -Cast:     It prevents spellcasting.
 I - a ring of ice
Talismans
 c - a beast talisman
 d - a flux talisman
Wands
 n - a wand of flame (24) (quivered)
 p - a wand of mindburst (5)
 J - a wand of roots (5)
Scrolls
 l - 2 scrolls of vulnerability
 m - 5 scrolls of amnesia
 o - 6 scrolls of enchant weapon
 q - a scroll of immolation {unknown}
 s - a scroll of identify {unknown}
 y - 2 scrolls of fear
 A - 3 scrolls of fog
 C - a scroll of blinking
Potions
 b - a potion of lignification
 e - 4 potions of curing
 f - 6 potions of heal wounds
 h - 4 potions of magic
 i - a potion of berserk rage
 k - a potion of invisibility
 v - 3 potions of mutation
 z - 2 potions of resistance
 B - 3 potions of brilliance
 E - a potion of attraction


   Skills:
 + Level 7.6 Fighting
 * Level 6.6 Ranged Weapons
 + Level 14.0 Armour
 + Level 9.6 Dodging
 - Level 4.6 Stealth
 + Level 24.8 Unarmed Combat
 * Level 8.1 Spellcasting
 + Level 2.7 Evocations
 + Level 9.3 Shapeshifting


You had 27 spell levels left.
You didn't know any spells.
Your spell library was empty.

Dungeon Overview and Level Annotations

Branches:
Dungeon (1/1)

Altars:
Ashenzari
Cheibriados
Dithmenos
Elyvilon
Fedhas
Gozag
Hepliaklqana
Kikubaaqudgha
Makhleb
Nemelex Xobeh
Okawaru
Qazlal
Ru
Sif Muna
Trog
Uskayaw
Vehumet
Wu Jian
Xom
Yredelemnul
Zin
The Shining One
Jiyva
Lugonu

Shops:
D *=*


Innate Abilities, Weirdness & Mutations

You are a hulking beast.
Your limbs bulge with bestial killing power. (Slay +4)
You are flying.
You have a beak for a mouth.
You have claws for feet.
Your magical flight helps you evade attacks. (EV +4)
You can magically evade attacks while moving or waiting.


Message History

Your punch misses the orc knight.
The orc knight is moderately wounded.
The orc warlord is no longer distracted by gold.
The orc knight is no longer distracted by gold.
You strike the helpless orc knight from behind!
You pummel the orc knight like a punching bag!!!
You claw the orc knight, but do no damage.
You peck the orc knight.
You kill the orc knight!
Unknown command.
Items here: $ )) [.
You barely miss the orc warlord. Your kick misses the orc warlord.
The orc warlord is lightly wounded.
You completely miss the orc warlord. You claw the orc warlord.
You peck the orc warlord!
The orc warlord is lightly wounded.
You pummel the orc warlord!! Your kick misses the orc warlord.
You peck the orc warlord!
The orc warlord is moderately wounded.
The orc warlord is distracted by your dazzling golden aura.
The orc warlord hits you with a +0 war axe!!
* * * LOW HITPOINT WARNING * * *
The orc warlord shouts!
You feel much better.
You strike the helpless orc warlord from behind!
You punch the orc warlord!
The orc warlord is no longer distracted by gold.
You claw the orc warlord!
The orc warlord is heavily wounded.
The orc knight misses you.
The orc warlord hits you with a +0 war axe of flaming!!!
* * * LOW HITPOINT WARNING * * *
The orc warlord burns you.
* * * LOW HITPOINT WARNING * * *
You barely miss the orc warlord. You claw the orc warlord!
You peck the orc warlord, but do no damage.
The orc warlord is severely wounded.
The orc warlord hits you with a +0 war axe of flaming!!
You die...
Your body crumbles into a pile of gold.

#..###### #..# #..#
####++########## #o.#
...........##..# #..#
.#..#......##..# #o.#
...........''..# #..#
...........'').##########.)#
.#..#......##...h.o........#
...........##...$oo........#
####''######################
..##''############ ########## ###
..##......+..'...###........###..
..##......+..'.....##......##....
..##.....##..##.....##....##..#.#
..##...###....###....#....#.....#
..##..##........###.###..##.#.#.#


You could see 2 orc warlords and an orc knight (strong, unable to see you).

Vanquished Creatures
  Gastronok (D)
  A red draconian (D)
  Josephine (D)
  2 great orbs of eyes (D)
  Erolcha (D)
  An alligator snapping turtle (D)
  A two-headed ogre (D)
  A demonic crawler (D)
  A spriggan (D)
  A shadow wraith (D)
  A sea snake (D)
  2 bog bodies (D)
  A naga ritualist (D)
  A phantasmal warrior (D)
  3 orc knights (D)
  A deep elf zephyrmancer (D)
  2 deep elf pyromancers (D)
  A salamander (D)
  A black mamba (D)
  An elephant (D)
  A naga mage (D)
  Joseph (D)
  An ice devil (D)
  An efreet (D)
  A freezing wraith (D)
  A guardian mummy (D)
  A tyrant leech (D)
  A hellwing (D)
  A hornet (D)
  A snapping turtle (D)
  A wandering mushroom (D)
  6 dream sheep (D)
  5 slime creatures (D)
  2 shadows (D)
  6 wraiths (D)
  A basilisk (D)
  A vampire mosquito (D)
  A redback (D)
  A naga (D)
  2 wargs (D)
  An acid dragon (D)
  3 water moccasins (D)
  A swamp drake (D)
  2 ogres (D)
  A sky beast (D)
  A centaur (D)
  A phantom (D)
  A gnoll sergeant (D)
  A scorpion (D)
  2 orc priests (D)
  Crazy Yiuf (D)
  2 hell rats (D)
  An iguana (D)
  An orc wizard (D)
  A mummy (D)
  7 gnolls (D)
  A river rat (D)
  A white imp (D)
  2 adder zombies (D)
  An adder skeleton (D)
  A worm (D)
  4 orcs (D)
  A ball python (D)
  2 bats (D)
  An endoplasm (D)
  A giant cockroach (D)
  A hobgoblin (D)
104 creatures vanquished.

Notes
Turn   | Place    | Note
-------+----------+-------------------------------------------
     0 | D        | rocky1 the Tengu Shapeshifter began the quest for the Orb.
     0 | D        | Reached XP level 1. HP: 12/12 MP: 2/2
    21 | D        | Found a bloodstained altar of Trog.
    21 | D        | Found a shimmering blue altar of Sif Muna.
    21 | D        | Found a viscous altar of Jiyva.
    21 | D        | Found a hazy altar of Hepliaklqana.
    21 | D        | Found an opulent altar of Gozag.
    22 | D        | Found a glowing golden altar of the Shining One.
    22 | D        | Found a glowing silver altar of Zin.
    22 | D        | Found a basalt altar of Yredelemnul.
    22 | D        | Found a shimmering altar of Xom.
    22 | D        | Found an ornate altar of the Wu Jian Council.
    22 | D        | Found a sacrificial altar of Ru.
    22 | D        | Found a stormy altar of Qazlal.
    22 | D        | Found an iron altar of Okawaru.
    22 | D        | Found a sparkling altar of Nemelex Xobeh.
    22 | D        | Found a burning altar of Makhleb.
    22 | D        | Found a blossoming altar of Fedhas.
    22 | D        | Found a white marble altar of Elyvilon.
    22 | D        | Found a shadowy altar of Dithmenos.
    22 | D        | Found a snail-covered altar of Cheibriados.
    25 | D        | Found a corrupted altar of Lugonu.
    25 | D        | Found a radiant altar of Vehumet.
    26 | D        | Found an ancient bone altar of Kikubaaqudgha.
    26 | D        | Found a hide-covered altar of Uskayaw.
    26 | D        | Found a broken altar of Ashenzari.
    29 | D        | Became a worshipper of Gozag Ym Sagoz the Greedy
    65 | D        | Reached skill level 4 in Unarmed Combat
    65 | D        | Reached XP level 2. HP: 2/16 MP: 3/3
   341 | D        | Noticed a water moccasin
   346 | D        | Killed a water moccasin
   347 | D        | Reached skill level 1 in Stealth
   347 | D        | Reached skill level 7 in Unarmed Combat
   347 | D        | Reached XP level 3. HP: 21/21 MP: 4/4
   347 | D        | Reached XP level 4. HP: 26/26 MP: 5/5
   347 | D        | Reached XP level 5. HP: 30/30 MP: 6/6
   432 | D        | Noticed a sky beast
   444 | D        | Killed a sky beast
   445 | D        | Reached skill level 8 in Unarmed Combat
   445 | D        | Reached XP level 6. HP: 35/35 MP: 7/7
   559 | D        | Reached skill level 9 in Unarmed Combat
   587 | D        | Reached skill level 10 in Unarmed Combat
   596 | D        | Reached skill level 1 in Armour
   598 | D        | Reached skill level 5 in Dodging
   598 | D        | Gained mutation: Your magical flight helps you evade
                  | attacks. (EV +4) [Tengu growth]
   598 | D        | Reached XP level 7. HP: 16/40 MP: 8/8
   605 | D        | Reached skill level 11 in Unarmed Combat
   881 | D        | Noticed a vampire mosquito
   889 | D        | Killed a vampire mosquito
   890 | D        | Reached skill level 12 in Unarmed Combat
  1044 | D        | Noticed Crazy Yiuf
  1046 | D        | Killed Crazy Yiuf
  1129 | D        | Bought a tapered lead wand for 84 gold pieces
  1129 | D        | Bought a scroll labelled PEOMPU MIWOTH for 21 gold pieces
  1129 | D        | Bought an ancient chain mail for 199 gold pieces
  1129 | D        | Identified the +1 chain mail "Wyxam" {*Slow Str+2 Int+5}
                  | (You bought it in a shop in the Dungeon)
  1129 | D        | Bought a scroll labelled WUCUFE FADIE for 21 gold pieces
  1129 | D        | Bought a cabochon ring for 105 gold pieces
  1129 | D        | Bought a glowing chain mail for 157 gold pieces
  1153 | D        | Reached XP level 8. HP: 34/46 MP: 9/9
  1165 | D        | Killed a shadow wraith
  1166 | D        | Reached skill level 14 in Unarmed Combat
  1261 | D        | Noticed a demonic crawler
  1261 | D        | Noticed a sea snake
  1269 | D        | Killed a demonic crawler
  1270 | D        | Reached skill level 15 in Unarmed Combat
  1270 | D        | Reached XP level 9. HP: 52/52 MP: 10/10
  1275 | D        | Killed a sea snake
  1276 | D        | Reached skill level 16 in Unarmed Combat
  1642 | D        | Noticed a deep elf pyromancer
  1646 | D        | Noticed Erolcha
  1647 | D        | Noticed an efreet
  1656 | D        | Killed a deep elf pyromancer
  1657 | D        | Reached skill level 5 in Fighting
  1659 | D        | Killed an efreet
  1660 | D        | Reached skill level 17 in Unarmed Combat
  1673 | D        | Killed Erolcha
  1674 | D        | Reached XP level 10. HP: 28/59 MP: 11/11
  1799 | D        | Reached skill level 18 in Unarmed Combat
  2054 | D        | Noticed a two-headed ogre
  2054 | D        | Noticed a deep elf zephyrmancer
  2056 | D        | Noticed a black mamba
  2058 | D        | Killed a two-headed ogre
  2059 | D        | Reached skill level 10 in Armour
  2059 | D        | Killed a black mamba
  2062 | D        | Killed a deep elf zephyrmancer
  2063 | D        | Reached skill level 19 in Unarmed Combat
  2183 | D        | Bought the ring "Tuized" {rF+ Str+6} for 900 gold pieces
  2300 | D        | Noticed a bog body
  2303 | D        | Killed a bog body
  2329 | D        | Reached skill level 20 in Unarmed Combat
  2329 | D        | Reached XP level 11. HP: 56/64 MP: 12/12
  2393 | D        | Bought an amulet of guardian spirit for 540 gold pieces
  2412 | D        | Noticed a great orb of eyes
  2412 | D        | Noticed a bog body
  2432 | D        | Reached skill level 1 in Spellcasting
  2485 | D        | Killed a great orb of eyes
  2486 | D        | Reached skill level 21 in Unarmed Combat
  2486 | D        | Reached skill level 1 in Evocations
  2488 | D        | Killed a bog body
  2702 | D        | Reached skill level 22 in Unarmed Combat
  2709 | D        | Reached skill level 5 in Spellcasting
  2856 | D        | Noticed Gastronok
  2869 | D        | Killed Gastronok
  2999 | D        | Got the amulet "Anufon" {Acrobat -Cast Str+4}
  3015 | D        | Bought a potion of curing for 96 gold pieces
  3015 | D        | Bought a shiny bronze wand for 128 gold pieces
  3015 | D        | Bought a potion of mutation for 256 gold pieces
  3068 | D        | Noticed Josephine
  3078 | D        | Killed Josephine
  3079 | D        | Reached XP level 12. HP: 71/71 MP: 20/22
  3111 | D        | Noticed an alligator snapping turtle
  3122 | D        | Killed an alligator snapping turtle
  3123 | D        | Reached skill level 23 in Unarmed Combat
  3246 | D        | Noticed Joseph
  3255 | D        | Killed Joseph
  3264 | D        | Noticed a red draconian
  3279 | D        | Killed a red draconian
  3380 | D        | Noticed a great orb of eyes
  3384 | D        | Killed a great orb of eyes
  3385 | D        | Reached skill level 5 in Ranged Weapons
  3385 | D        | Reached skill level 24 in Unarmed Combat
  3543 | D        | Noticed an orc warlord
  3545 | D        | Noticed an orc warlord
  3606 | D        | Demolished by an orc warlord

Illustrated notes

Levels and vault maps discovered:
D:        pitsprint [storerooms_1, entrance_room_1, metal_vault_4, armoury_1,
          mini_pit_1, grid_room_1, main_hall_1, silver_pit, the_coven_1,
          the_vestibule_1, steel_vault_2, golden_pit, hallway_of_sentries,
          crystal_vault_4, iron_vault_5, final_vault]

Skill      XL: |  1  2  3  4  5  6  7  8  9 10 11 12 |
---------------+-------------------------------------+-----
Shapeshifting  | 3 6 7 8 9 |  9.3
Unarmed Combat | 4 7 8 10 12 15 17 20 22 24 | 24.8
Dodging        | 3 4 5 6 7 8 9 |  9.6
Stealth        | 1 2 3 4 |  4.6
Fighting       | 2 3 4 5 6 7 |  7.6
Armour         | 1 3 6 9 11 13 14 | 14.0
Spellcasting   | 6 8 |  8.1
Evocations     | 2 |  2.7
Ranged Weapons | 2 6 |  6.6

Action                     |  1- 3 |  4- 6 |  7- 9 | 10-12 || total
---------------------------+-------+-------+-------+-------++-------
  Melee: Unarmed           |    15 |    27 |    70 |   203 ||   315
         Kick              |     4 |    12 |    14 |    74 ||   104
         Peck              |     1 |     3 |     9 |    60 ||    73
         Punch             |       |     1 |     2 |    27 ||    30
 Invoke: Call Merchant     |       |       |     1 |     2 ||     3
         Potion Petition   |       |       |     1 |     1 ||     2
  Evoke: Wand              |       |       |       |     5 ||     5
    Use: Potion            |     1 |     1 |     7 |    14 ||    23
         Scroll            |       |     1 |       |     1 ||     2
   Stab: Sleeping          |     1 |       |       |       ||     1
         Invisible         |       |       |       |     2 ||     2
 Armour: Animal skin       |     8 |     1 |       |       ||     9
         Chain mail        |       |    13 |    51 |    74 ||   138
  Dodge: Dodged            |     7 |    12 |    46 |    90 ||   155

Table legend: (Time is in decaauts)
 A = Elapsed time spent in this place.
 B = Non-inter-level travel time spent in this place.
 C = Inter-level travel time spent in this place.
 D = Time resting spent in this place.
 E = Time spent auto-exploring this place.
 F = Levels seen in this place.
 G = Mean time per level.
                   A        B        C        D        E       F      G
               +--------+--------+--------+--------+--------+-----+--------+
         Total |   3550 |   3485 |     65 |   2233 |      0 |   1 | 3550.0 |
       Dungeon |   3550 |   3485 |     65 |   2233 |      0 |   1 | 3550.0 |
               +--------+--------+--------+--------+--------+-----+--------+

Top non-repeatable levels by time:
       D: 3550 daAuts
